 Dungeon Crawl Stone Soup version 0.22-a0-601-gb0ed703 (webtiles) character file.

945 sking99 the Insei (level 8, -6/50 HPs)
             Began as an Octopode Transmuter on July 6, 2018.
             Was a Believer of Okawaru.
             Mangled by a wyvern zombie (11 damage)
             ... on level 6 of the Dungeon.
             The game lasted 00:09:20 (5765 turns).

sking99 the Insei (Octopode Transmuter)             Turns: 5765, Time: 00:09:20

Health: -6/50      AC:  5    Str:  9    XL:     8   Next: 13%
Magic:  1/14       EV: 22    Int: 15    God:    Okawaru [**....]
Gold:   236        SH:  0    Dex: 20    Spells: 9/15 levels left

rFire    . . .     SeeInvis .     - Unarmed
rCold    . . .     Gourm    .   (shield currently unavailable)
rNeg     . . .     Faith    .   (helmet currently unavailable)
rPois    x         Spirit   .   (no amulet)
rElec    .         Reflect  .   n - +3 ring of protection
rCorr    .         Harm     .   (no ring)
MR       .....                  (no ring)
Stlth    ++........             (no ring)
HPRegen  0.16/turn              (no ring)
MPRegen  0.14/turn              (no ring)
                                (no ring)
                                (no ring)

@: spider-form (expiring), very slightly contaminated
A: tiny, almost no armour, stealthy swim, (amphibious), 8 rings, (constrict 8)
a: End Transformation, Heroism, Renounce Religion


You were on level 6 of the Dungeon.
You worshipped Okawaru.
Okawaru was pleased with you.
You were hungry.
You were a venomous arachnid creature.
You visited 1 branch of the dungeon, and saw 6 of its levels.

You collected 236 gold pieces.

Inventory:

Missiles
 a - 78 arrows
 e - 2 throwing nets (quivered)
Jewellery
 n - a +3 ring of protection (left front leg)
Wands
 s - a wand of flame (35)
Scrolls
 f - a scroll of magic mapping {unknown}
 h - 6 scrolls of immolation
 j - a scroll of remove curse
 o - 3 scrolls of fear
 p - 2 scrolls of blinking {unknown}
 q - a scroll of teleportation {unknown}
 u - a scroll of random uselessness {unknown}
 v - a scroll of brand weapon {unknown}
Potions
 b - 5 potions of might
 d - 2 potions of curing
 g - a potion of berserk rage
 i - a potion of mutation
 m - 3 potions of lignification
 r - a potion of flight
Comestibles
 c - 6 rations


   Skills:
 - Level 1.8 Fighting
 + Level 3.9 Dodging
 - Level 6.0 Unarmed Combat
 - Level 4.0 Spellcasting
 + Level 4.9 Transmutations
 - Level 2.0 Poison Magic


You had 9 spell levels left.
You knew the following spells:

 Your Spells              Type           Power        Failure   Level  Hunger
a - Beastly Appendage     Tmut           ###...       9%          1    None
b - Sticks to Snakes      Tmut           ###.....     12%         2    ##.....
c - Spider Form           Tmut/Pois      ##........   30%         3    ###....

Your spell library contained the following spells:

 Spells                   Type           Power        Failure   Level  Hunger
 Blade Hands              Tmut           ###.......   75%         5    ######.
 Ice Form                 Ice/Tmut       ##......     75%         4    ####...


Dungeon Overview and Level Annotations

Branches:
Dungeon (6/15)
 Temple: D:4-7

Altars:
Gozag
Kikubaaqudgha
Okawaru
Qazlal
Ru
Uskayaw
Xom
Zin

Shops:
D:5 [

Annotations:
D:4 2 runed doors, iamserjio's ghost, amateur DsBe


Innate Abilities, Weirdness & Mutations

You cannot wear most types of armour.
You are very stealthy in the water. (Stealth+)
((You are amphibious.))
You can wear up to eight rings at the same time.
((You can use your tentacles to constrict eight enemies at once.))
((Your skin changes colour to match your surroundings (Stealth+).))
((Your rubbery body absorbs attacks. (AC +1, EV +1)))


Message History

The wyvern zombie bites you!
* * * LOW HITPOINT WARNING * * *
Your adder bites the wyvern zombie but does no damage.
Your transformation is almost over.
The wyvern zombie misses your adder.
Your adder bites the wyvern zombie but does no damage.
The wyvern zombie closely misses your adder.
Your adder bites the wyvern zombie.
The wyvern zombie closely misses your adder.
Your adder barely misses the wyvern zombie.
The wyvern zombie bites your adder!
Your adder dies!
The wyvern zombie misses you.
You hit the wyvern zombie but do no damage.
The wyvern zombie is severely damaged.
The wyvern zombie completely misses you.
You barely miss the wyvern zombie.
The wyvern zombie is severely damaged.
The wyvern zombie bites you!
You die...

#########
#....>...
#.........h....
#...............
##†..............
#.†)............
#s8............#
#Z..P........#
#............#
#...P........#
##...........#
#...........#####
#..>.[......+....
............#####
..#..............


You could see a wyvern zombie.

Vanquished Creatures
  Eustachio (D:6)
  An ogre (D:4)
  A wyvern zombie (D:6)
  A howler monkey (D:5)
  A centaur zombie (D:6)
  A quasit (D:5)
  2 bullfrog zombies (D:6)
  A hound (D:5)
  An orc priest (D:4)
  2 bullfrog skeletons
  An orc wizard (D:4)
  An iguana (D:4)
  A worker ant (D:4)
  Ijyb (D:5)
  2 killer bee zombies
  A hound zombie (D:6)
  6 adders
  2 worker ant zombies (D:6)
  2 gnolls (D:2)
  4 adder skeletons
  An adder zombie (D:6)
  3 dart slugs
  2 leopard geckos
  8 orcs
  6 bats
  A bat zombie (D:5)
  4 giant cockroaches
  8 hobgoblins
  12 jackals
  10 kobolds
  3 quokkas
  6 frilled lizards
  13 goblins
  3 rats
113 creatures vanquished.

Vanquished Creatures (collateral kills)
  A bullfrog zombie (D:6)
  2 jackals (D:6)
3 creatures vanquished.

Grand Total: 116 creatures vanquished

Notes
Turn   | Place    | Note
-------+----------+-------------------------------------------
     0 | D:1      | sking99 the Octopode Transmuter began the quest for the Orb.
     0 | D:1      | Reached XP level 1. HP: 13/13 MP: 3/3
   334 | D:1      | Reached XP level 2. HP: 15/18 MP: 5/5
   889 | D:1      | Learned a level 2 spell: Sticks to Snakes
   910 | D:2      | Reached XP level 3. HP: 17/24 MP: 4/6
  1256 | D:2      | Learned a level 3 spell: Spider Form
  1458 | D:2      | Reached skill level 4 in Unarmed Combat
  2070 | D:2      | Reached skill level 1 in Poison Magic
  2070 | D:2      | Reached XP level 4. HP: 6/29 MP: 0/7
  2972 | D:3      | Found an iron altar of Okawaru.
  2977 | D:3      | Became a worshipper of Warmaster Okawaru
  2990 | D:3      | Reached XP level 5. HP: 33/34 MP: 8/8
  3537 | D:4      | Found a runed door.
  3582 | D:4      | Found a runed door.
  3892 | D:4      | Reached skill level 5 in Unarmed Combat
  3927 | D:4      | Reached XP level 6. HP: 17/39 MP: 4/10
  4306 | D:4      | Found a stormy altar of Qazlal.
  4310 | D:4      | Found an opulent altar of Gozag.
  4311 | D:4      | Found a glowing silver altar of Zin.
  4316 | D:4      | Found a hide-covered altar of Uskayaw.
  4412 | D:4      | Reached * piety under Okawaru
  4576 | D:4      | Found a shimmering altar of Xom.
  4687 | D:4      | Noticed iamserjio's ghost (amateur DsBe)
  4696 | D:5      | Entered Level 5 of the Dungeon
  4733 | D:5      | Reached XP level 7. HP: 25/44 MP: 8/11
  4970 | D:5      | Noticed Ijyb
  4985 | D:5      | Killed Ijyb
  5148 | D:5      | Found a sacrificial altar of Ru.
  5180 | D:5      | Found an ancient bone altar of Kikubaaqudgha.
  5252 | D:5      | Reached skill level 6 in Unarmed Combat
  5257 | D:5      | Found Xecik's Antique Armour Emporium.
  5382 | D:6      | Noticed Eustachio
  5393 | D:6      | Killed Eustachio
  5393 | D:6      | Reached ** piety under Okawaru
  5705 | D:6      | Reached XP level 8. HP: 45/50 MP: 6/14
  5765 | D:6      | Mangled by a wyvern zombie

Vault maps used:
D:1:      lemuel_arrival_broad_hall, serial_corexii_hall,
          corexii_hall_statues_t, corexii_hall_statues_x,
          corexii_hall_statues_i, corexii_hall_statues_l
D:3:      okawaru_ov_weapons_minmay, hangedman_feature_mirror
D:4:      minitemple, lemuel_round_altar, ebering_ghost_sewer_f, first_ration,
          grunt_decor_fettered
D:5:      lemuel_crystal_altar, lemuel_zombie_altar_kikubaaqudgha, serial_shops,
          nicolae_shop_overgrown_old_shop, uniq_ijyb
D:6:      old_standard_altar, minmay_temple_entry_overgrown, serial_undead,
          serial_undead_b, serial_undead_c, serial_undead_f, serial_undead_d,
          serial_undead_e, serial_undead_f, serial_undead_a, serial_undead_f,
          serial_undead_c, serial_undead_a, uniq_eustachio, uniq_duvessa

Skill      XL: |  1  2  3  4  5  6  7 |
---------------+----------------------+-----
Unarmed Combat | 4 5 6 |  6.0
Poison Magic   | 1 2 |  2.0
Transmutations | 3 4 |  4.9
Spellcasting   | 3 4 |  4.0
Dodging        | 3 |  3.9
Fighting       | |  1.8

Action                   |  1- 3 |  4- 6 |  7- 9 || total
-------------------------+-------+-------+-------++-------
Melee: Unarmed           |    80 |   159 |   118 ||   357
       Constrict         |    28 |    28 |     3 ||    59
       Kick              |    12 |     1 |       ||    13
       Tentacles         |     9 |    20 |     7 ||    36
       Punch             |     1 |     1 |       ||     2
 Cast: Beastly Appendage |    16 |     1 |       ||    17
       Spider Form       |       |    10 |    11 ||    21
       Sticks to Snakes  |       |       |     3 ||     3
  Use: Scroll            |       |       |    10 ||    10
 Stab: Sleeping          |     3 |     4 |     4 ||    11
       Distracted        |       |       |     1 ||     1
  Eat: Chunk             |     3 |     7 |     5 ||    15
       Ration            |       |     1 |       ||     1
Armor: Skin              |     9 |     6 |    12 ||    27
Dodge: Dodged            |    64 |   103 |   152 ||   319

Table legend:
 A = Spawn XP
 B = Non-spawn XP
 C = Spawn XP percentage of total XP
 D = Spawn monster count
 E = Non-spawn monster count
 F = Spawn count percentage of total count
 G = Total turns spent on level
                    A         B        C        D         E        F      G
               +---------+---------+-------+---------+---------+-------+---------
         Total |       0 |    1350 |   0.0 |       0 |     116 |   0.0 |  5765
               +---------+---------+-------+---------+---------+-------+---------
           D:1 |       0 |      30 |   0.0 |       0 |      16 |   0.0 |  1074
           D:2 |       0 |     101 |   0.0 |       0 |      24 |   0.0 |  1602
           D:3 |       0 |      66 |   0.0 |       0 |      34 |   0.0 |   831
           D:4 |       0 |     373 |   0.0 |       0 |      17 |   0.0 |  1189
           D:5 |       0 |     220 |   0.0 |       0 |       8 |   0.0 |   686
           D:6 |       0 |     560 |   0.0 |       0 |      17 |   0.0 |   383
               +---------+---------+-------+---------+---------+-------+---------
